Map: Ultralove

Players

ManlyManMeat - Winner!

  • Race: Terran Terran
  • League: Master
  • Spawn Location: 7:00

Fari

  • Race: Protoss Protoss
  • League: Gold
  • Spawn Location: 1:00

VOD

Have the link to the VOD?

Description

Time

  • Played on: June 16, 2025, 9:56 a.m.
  • Length: 8:20
Show
View Real Time Build Order
Export as new Build Order

ManlyManMeat Terran - Winner!

Build Orders: Reaper Expand 

Get SALT Encoding   

  12  0:00  SCV  
  13  0:12  SCV  
  14  0:17  Supply Depot  
  14  0:24  SCV  
  15  0:39  SCV  
  15  0:41  Barracks  
  16  0:45  Refinery  
  16  0:51  SCV  
  17  1:03  SCV  
  18  1:15  SCV  
  19  1:29  Orbital Command  
  19  1:31  Reaper  
  20  1:44  Command Center  
  20  2:04  Supply Depot  
  20  2:10  SCV  
  20  2:13  Barracks Reactor  
  21  2:22  SCV  
  22  2:40  SCV  
  22  2:41  Factory  
  23  2:51  Marine x2  
  24  2:52  SCV  
  24  2:57  Bunker  
  26  3:04  SCV  
  27  3:05  Orbital Command  
  27  3:07  Refinery  
  27  3:08  Marine  
  27  3:09  Marine  
  29  3:13  Barracks  
  29  3:17  SCV  
  32  3:29  Supply Depot  
  32  3:30  SCV  
  32  3:32  Barracks  
  31  3:37  Barracks Tech Lab  
  31  3:40  Starport, SCV  
  32  3:42  SCV  
  32  3:46  Supply Depot  
  33  3:51  Widow Mine  
  33  3:52  SCV  
  33  3:54  SCV  
  37  3:56  Marine  
  37  3:58  Widow Mine  
  37  4:01  Stimpack  
  40  4:05  Barracks Reactor  
  40  4:12  SCV x2  
  40  4:14  Marine  
  44  4:24  SCV x2  
  44  4:25  Starport Reactor  
  46  4:31  Barracks Reactor  
  46  4:35  Marauder  
  46  4:38  Widow Mine  
  49  4:40  Refinery  
  49  4:41  Refinery  
  49  4:43  Marine x2  
  51  4:49  Command Center  
  51  4:52  SCV x2  
  53  4:56  Marauder  
  55  5:00  Marine  
  55  5:03  Marine  
  55  5:05  Widow Mine  
  55  5:06  Widow Mine  
  60  5:15  Supply Depot  
  60  5:18  Marauder  
  61  5:27  Medivac  
  61  5:28  Supply Depot  
  63  5:30  Supply Depot  
  63  5:33  Engineering Bay x2  
  63  5:35  Widow Mine x2  
  67  5:38  Marine x2  
  67  5:39  Marauder  
  67  5:41  Medivac  
  73  5:49  Marine  
  74  5:50  SCV  
  74  5:53  Supply Depot  
  75  6:04  Medivac  
  75  6:06  Marine x4  
  75  6:07  Marine  
  83  6:11  SCV x2  
  83  6:14  Orbital Command  
  84  6:23  SCV x2  
  86  6:25  Marine x3  
  86  6:26  Marine  
  90  6:35  SCV x2  
  92  6:44  Orbital Command, Marine x2  
  92  6:45  Marine x3  
  95  6:47  SCV x2  
  95  7:02  Marine  
  96  7:10  Marine x4  
  96  7:14  Medivac x2  
  104  7:16  SCV x2  
  104  7:18  SCV  
  104  7:20  Marine  
  108  7:22  Missile Turret  
  108  7:25  Barracks  
  108  7:28  SCV x2, Marine x3  
  108  7:29  Marauder  
  115  7:30  SCV  
  116  7:40  SCV x2  
  106  8:06  SCV x3  
Show
View Real Time Build Order
Export as new Build Order

Fari Protoss 

Build Orders: 1 Gate Expand, Double Forge 

Get SALT Encoding   

  12  0:00  Probe  
  13  0:12  Probe  
  14  0:18  Pylon  
  14  0:24  Probe  
  15  0:34  Probe  
  15  0:38  Gateway  
  15  0:42  Probe  
  16  0:48  Assimilator  
  17  0:56  Probe  
  18  1:08  Probe  
  19  1:20  Probe  
  20  1:32  Probe  
  21  1:37  Nexus  
  21  1:43  Cybernetics Core  
  21  1:47  Probe  
  21  1:51  Pylon  
  22  1:58  Assimilator  
  22  1:59  Probe  
  23  2:11  Probe  
  23  2:14  Stalker  
  24  2:23  Probe  
  27  2:35  Probe  
  27  2:40  Stalker  
  26  2:48  Probe  
  29  2:57  Pylon, Probe  
  29  3:01  Probe  
  30  3:05  Probe  
  30  3:09  Probe  
  30  3:11  Sentry  
  34  3:14  Probe  
  34  3:17  Warp Gate  
  36  3:21  Probe  
  36  3:25  Robotics Facility  
  36  3:26  Gateway, Probe  
  38  3:32  Stalker  
  38  3:33  Probe  
  39  3:38  Probe  
  42  3:45  Probe  
  43  3:50  Probe  
  44  3:57  Probe  
  44  4:02  Probe  
  46  4:03  Nexus  
  46  4:04  Pylon  
  46  4:09  Probe  
  47  4:13  Probe  
  47  4:15  Observer  
  49  4:18  Probe  
  49  4:21  Probe  
  50  4:26  Probe  
  50  4:29  Probe  
  52  4:33  Immortal, Pylon  
  52  4:35  Probe  
  52  4:37  Pylon  
  57  4:41  Probe  
  57  4:44  Forge  
  59  4:46  Forge  
  59  4:48  Probe  
  59  4:49  Twilight Council  
  60  4:53  Probe  
  60  4:57  Assimilator  
  60  4:59  Assimilator  
  61  5:00  Probe  
  61  5:06  Stalker  
  64  5:07  Stalker  
  64  5:13  Probe x2  
  68  5:16  Protoss Ground Weapons Level 1  
  68  5:19  Protoss Shields Level 1  
  68  5:25  Photon Cannon, Probe  
  68  5:26  Probe  
  68  5:28  Photon Cannon  
  70  5:29  Probe  
  70  5:33  Immortal, Charge  
  75  5:37  Probe  
  75  5:38  Probe  
  75  5:41  Probe  
  78  5:52  Pylon  
  78  5:55  Templar Archives  
  78  5:56  Probe x2  
  80  6:00  Probe  
  81  6:08  Probe x2  
  83  6:12  Immortal, Probe  
  83  6:14  Gateway  
  83  6:17  Gateway  
  88  6:20  Probe x2  
  88  6:23  Zealot  
  88  6:24  Zealot  
  88  6:25  Pylon  
  94  6:27  Assimilator  
  94  6:35  Assimilator  
  94  6:44  Gateway  
  86  6:48  Stalker x2  
  90  6:56  Shield Battery  
  82  7:11  Probe x3  
  85  7:16  Stalker x3  
  91  7:23  Probe x2  
  91  7:24  Immortal, Probe  
  98  7:31  Zealot  
  98  7:35  Photon Cannon x2, Probe x2  
  100  7:37  Photon Cannon  
  100  7:39  Probe  
  101  7:47  Probe  
  101  7:48  Probe  
  80  8:08  Stalker x5  
Tags
 
Add a new tag
Caveats
  • Supply blocks, unpowered buildings, or Contaminate may cause inaccurate times.
  • Supply counts are checked every 10 seconds.